 Dungeon Crawl Stone Soup version 0.22-a0-803-gd6d8abe (webtiles) character file.

135 seren the Slasher (level 5, 0/42 HPs)
             Began as a Human Wanderer on July 22, 2018.
             Killed by divine providence
             ... invoked by an orc priest
              (12 damage)
             ... on level 3 of the Dungeon.
             The game lasted 00:06:31 (1767 turns).

seren the Slasher (Human Wanderer)                  Turns: 1767, Time: 00:06:32

Health: 0/42       AC: 11    Str: 12    XL:     5   Next: 42%
Magic:  5/5        EV: 11    Int: 13    God:
Gold:   112        SH:  0    Dex: 13    Spells: 4/4 levels left

rFire    . . .     SeeInvis .   a - +2 falchion
rCold    . . .     Gourm    .   (no shield)
rNeg     . . .     Faith    .   e - +4 ring mail
rPois    .         Spirit   .   r - +0 helmet
rElec    .         Reflect  .   (no cloak)
rCorr    .         Harm     .   s - +0 pair of gloves
MR       .....                  (no boots)
Stlth    +.........             (no amulet)
HPRegen  0.14/turn              (no ring)
MPRegen  0.09/turn              (no ring)

@: no status effects
A: no striking features
a: no special abilities


You were on level 3 of the Dungeon.
You were hungry.

You visited 1 branch of the dungeon, and saw 3 of its levels.

You collected 112 gold pieces.

Inventory:

Hand Weapons
 a - a +2 falchion (weapon)
 b - a +2 hunting sling of freezing
Missiles
 m - 116 stones (quivered)
 o - 22 sling bullets
Armour
 e - a +4 ring mail (worn)
 r - a +0 helmet (worn)
 s - a +0 pair of gloves (worn)
Jewellery
 t - an uncursed amulet of the gourmand {unknown}
Scrolls
 c - a scroll of blinking {unknown}
 d - a scroll of fog {unknown}
 j - 3 scrolls of noise {unknown}
 k - a scroll of teleportation {unknown}
 l - a scroll of enchant armour {unknown}
 p - a scroll of enchant weapon {unknown}
Potions
 g - a potion of brilliance {unknown}
 h - a potion of lignification
 i - a potion of curing {unknown}
 n - a potion of flight {unknown}
 q - a potion of agility {unknown}
Comestibles
 f - 2 rations


   Skills:
 + Level 3.8 Fighting
 * Level 4.0 Long Blades
   Level 1.0 Staves
 - Level 1.0 Throwing
 - Level 2.0 Armour
 - Level 2.0 Dodging
 - Level 1.0 Stealth


You had 4 spell levels left.
You didn't know any spells.
Your spell library was empty.

Dungeon Overview and Level Annotations

Branches:
Dungeon (3/15)

Altars:
Nemelex Xobeh


Message History

An orc comes into view. It is wielding a dagger.
The worm bites you!
The orc shouts!
You hit the worm.
The worm is moderately wounded.
You hear a shout!
A rat comes into view.
A frilled lizard comes into view.
The orc priest invokes the aid of Beogh against you.
Beogh smites you!
* * * LOW HITPOINT WARNING * * *
The worm barely misses you.
You riposte.
You hit the worm.
The worm is heavily wounded.
The orc priest hits you from afar with a trident.
* * * LOW HITPOINT WARNING * * *
The orc priest calls down the wrath of Beogh upon you.
Beogh smites you!
* * * LOW HITPOINT WARNING * * *
The orc priest calls down the wrath of Beogh upon you.
Beogh smites you!
You die...

.#..#...#.#####.........#########
.o.###...o.......................
.#..#..##.####o.........#########
#....###.####..........#
#........#..#..o.......#
.......(w.........#######
.#.#######........# #. #..#.#...#
. ....#.#.@.# # ##.##.#...#
######### #........# #......<##
#.#...# #.........
#.#....#.........#### #
##...#.###.###.# ##..# ... ..#
..# #.# #### #.


You could see an orc priest and an orc.

Vanquished Creatures
  Terence (D:2)
  Robin (D:2)
  5 adders (D:2)
  A worm (D:2)
  A dart slug (D:1)
  2 giant cockroaches
  9 hobgoblins
  A quokka (D:2)
  3 bats (D:2)
  4 frilled lizards
  9 goblins
  10 kobolds
  7 rats
54 creatures vanquished.

Notes
Turn   | Place    | Note
-------+----------+-------------------------------------------
     0 | D:1      | seren the Human Wanderer began the quest for the Orb.
     0 | D:1      | seren set off with: a +2 falchion, a potion of lignification, a +0 quarterstaff, a +0 robe, a ration
     0 | D:1      | Reached XP level 1. HP: 18/18 MP: 1/1
   100 | D:1      | Reached XP level 2. HP: 22/24 MP: 2/2
   577 | D:1      | Reached XP level 3. HP: 29/29 MP: 3/3
   663 | D:2      | Reached skill level 1 in Armour
   712 | D:2      | Reached skill level 3 in Long Blades
   889 | D:2      | Found a sparkling altar of Nemelex Xobeh.
   901 | D:2      | Reached XP level 4. HP: 35/35 MP: 4/4
  1219 | D:2      | Noticed Terence
  1228 | D:2      | Killed Terence
  1228 | D:2      | Reached XP level 5. HP: 35/42 MP: 5/5
  1258 | D:2      | Noticed Robin
  1358 | D:2      | Killed Robin
  1682 | D:3      | Reached skill level 4 in Long Blades
  1767 | D:3      | Killed from afar by an orc priest

Vault maps used:
D:1:      eino_arrival_druids_welcome
D:2:      nemelex_xobeh_ov_fountains_minmay, uniq_terence, uniq_robin
D:3:      okawaru_altar_gauntlet_db, minmay_strange_pillars

Skill      XL: |  1  2  3  4  5 |
---------------+----------------+-----
Armour         | 1 2 |  2.0
Long Blades    | 3 4 |  4.0
Fighting       | |  3.8
Staves         | |  1.0
Throwing       | |  1.0
Dodging        | |  2.0
Stealth        | |  1.0

Action                   |  1- 3 |  4- 6 || total
-------------------------+-------+-------++-------
Melee: Falchion          |    73 |    80 ||   153
 Fire: Hunting sling     |       |     2 ||     2
 Stab: Distracted        |       |     1 ||     1
  Eat: Chunk             |       |     2 ||     2
Armor: Ring mail         |    35 |    43 ||    78
Dodge: Dodged            |    48 |    49 ||    97
       Rpst.: Falchion   |    11 |    16 ||    27

Table legend:
 A = Spawn XP
 B = Non-spawn XP
 C = Spawn XP percentage of total XP
 D = Spawn monster count
 E = Non-spawn monster count
 F = Spawn count percentage of total count
 G = Total turns spent on level
                    A         B        C        D         E        F      G
               +---------+---------+-------+---------+---------+-------+---------
         Total |       0 |     194 |   0.0 |       0 |      54 |   0.0 |  1767
               +---------+---------+-------+---------+---------+-------+---------
           D:1 |       0 |      33 |   0.0 |       0 |      20 |   0.0 |   652
           D:2 |       0 |     159 |   0.0 |       0 |      33 |   0.0 |  1018
           D:3 |       0 |       2 |   0.0 |       0 |       1 |   0.0 |    97
               +---------+---------+-------+---------+---------+-------+---------
